| TOP OF THE 1ST |
|
Baltimore (APP) Orioles batting - Pitching for Burlington Royals : RHP Paul Gibbens
|
|
Pitching: RHP Paul Gibbens
|
|
|
Batting: SHB Eric Kelley
|
0-0: Ball 1-0: Called Strike 1-1: SINGLE (Groundball, 4MD, EV 95.0 MPH)
|
|
Batting: RHB C.J. Wells
|
0-0: Called Strike 0-1: Ball Passed Ball! Eric Kelley to second 1-1: Ball 2-1: Ball Wild Pitch! Eric Kelley to third 3-1: SINGLE (Line Drive, 34D, EV 106.9 MPH) Eric Kelley scores
|
|
Batting: LHB Xue-liang Zhou
|
0-0: Foul Ball, location: 2F 0-1: Fly out, F7 (Flyball, 78M, EV 86.2 MPH)
|
|
Batting: RHB Minoru Matsumoto
|
0-0: Foul Ball, location: 2F 0-1: Ball 1-1: Foul Ball, location: 2F 1-2: Foul Ball, location: 2F 1-2: Ball 2-2: DOUBLE (Flyball, 8LXD, EV 108.8 MPH) C.J. Wells to third
|
|
Batting: RHB Dou-wan Pan
|
0-0: Ball 1-0: Swinging Strike 1-1: Ball 2-1: Foul Ball, location: 2F 2-2: Strikes out swinging
|
|
Batting: LHB Robert Ortiz
|
0-0: Foul Ball, location: 2F 0-1: Called Strike 0-2: Strikes out swinging
|
| Top of the 1st over - 1 run, 3 hits, 0 errors, 2 left on base; Baltimore (APP) 1 - Burlington 0 |
| BOTTOM OF THE 1ST |
|
Burlington Royals batting - Pitching for Baltimore (APP) Orioles : RHP Craig Painter
|
|
Pitching: RHP Craig Painter
|
|
|
Batting: RHB Shura Mogilny
|
0-0: Foul Ball, location: 2F 0-1: Foul Ball, location: 2F 0-2: Ball 1-2: Foul Ball, location: 2F 1-2: Ball 2-2: Fly out, F9 (Flyball, 89S, EV 84.4 MPH)
|
|
Batting: RHB Tim Williams
|
0-0: Called Strike 0-1: Called Strike 0-2: Ball 1-2: SOLO HOME RUN (Flyball, 7D, EV 98.1 MPH), Distance : 381 ft
|
|
Batting: SHB Alex Cavazos
|
0-0: Called Strike 0-1: Ball 1-1: TRIPLE (Flyball, 89XD, EV 108.1 MPH)
|
|
Batting: RHB Hugo Chavez
|
0-0: Ball 1-0: Called Strike 1-1: Called Strike 1-2: Strikes out swinging
|
|
Batting: RHB Masakuni Takeuchi
|
0-0: Ball 1-0: Ball 2-0: Ball 3-0: Called Strike 3-1: Base on Balls
|
|
Batting: RHB Jason Conner
|
0-0: Ground out 5-3 (Groundball, 5S, EV 73.1 MPH)
|
| Bottom of the 1st over - 1 run, 2 hits, 0 errors, 2 left on base; Baltimore (APP) 1 - Burlington 1 |
| TOP OF THE 2ND |
|
Baltimore (APP) Orioles batting - Pitching for Burlington Royals : RHP Paul Gibbens
|
|
Batting: LHB Edwin Cabral
|
0-0: Called Strike 0-1: Ball 1-1: Foul Ball, location: 2F 1-2: SINGLE (Groundball, 4D, EV 105.6 MPH)
|
|
Batting: LHB Ivan Alvarez
|
0-0: Ball Edwin Cabral is caught stealing 2nd base 2-6 1-0: Reached on error, E3 (Groundball, 3, EV 78.1 MPH)
|
|
Batting: RHB Imbart van Rens
|
0-0: Called Strike 0-1: Fielders Choice at 2nd, 1-6 (Groundball, 13S, EV 70.0 MPH)
|
|
Batting: SHB Eric Kelley
|
0-0: Foul Ball, location: 2F 0-1: Fly out, F8 (Flyball, 89M, EV 90.6 MPH)
|
| Top of the 2nd over - 0 runs, 1 hit, 1 error, 1 left on base; Baltimore (APP) 1 - Burlington 1 |
| BOTTOM OF THE 2ND |
|
Burlington Royals batting - Pitching for Baltimore (APP) Orioles : RHP Craig Painter
|
|
Batting: RHB David Rubio
|
0-0: Ball 1-0: Ball 2-0: Ground out 1-3 (Groundball, 15, EV 65.0 MPH)
|
|
Batting: RHB Juan Nieves
|
0-0: Foul Ball, location: 2F 0-1: Ball 1-1: Ball 2-1: Ball 3-1: Called Strike 3-2: Strikes out looking
|
|
Batting: LHB Jayden Pelayo
|
0-0: Called Strike 0-1: Swinging Strike 0-2: Fly out, F9 (Line Drive, 89M, EV 91.9 MPH)
|
| Bottom of the 2nd over - 0 runs, 0 hits, 0 errors, 0 left on base; Baltimore (APP) 1 - Burlington 1 |
| TOP OF THE 3RD |
|
Baltimore (APP) Orioles batting - Pitching for Burlington Royals : RHP Paul Gibbens
|
|
Batting: RHB C.J. Wells
|
0-0: Called Strike 0-1: Ball 1-1: Ball 2-1: Ball 3-1: Base on Balls
|
|
Batting: LHB Xue-liang Zhou
|
0-0: Called Strike Pickoff Throw to First - Out! 1-3 0-1: Ball 1-1: Ball 2-1: SINGLE (Line Drive, 78M, EV 94.4 MPH)
|
|
Batting: RHB Minoru Matsumoto
|
0-0: Called Strike 0-1: Ball 1-1: Foul Ball, location: 2F 1-2: Foul Ball, location: 2F 1-2: Ball 2-2: Ball 3-2: Ground out 5-3 (Groundball, 5S, EV 70.0 MPH) Xue-liang Zhou to second
|
|
Pitching: RHP Itsuki Eguchi
|
|
|
Batting: RHB Dou-wan Pan
|
0-0: Ball 1-0: Foul Ball, location: 2F 1-1: Fly out, F3 (Popup, 3SF, EV 68.1 MPH)
|
| Top of the 3rd over - 0 runs, 1 hit, 0 errors, 1 left on base; Baltimore (APP) 1 - Burlington 1 |
| BOTTOM OF THE 3RD |
|
Burlington Royals batting - Pitching for Baltimore (APP) Orioles : RHP Craig Painter
|
|
Batting: RHB Shura Mogilny
|
0-0: Ball 1-0: Ball 2-0: Called Strike 2-1: Ground out 3-1 (Groundball, 34, EV 90.6 MPH)
|
|
Batting: RHB Tim Williams
|
0-0: Swinging Strike 0-1: Called Strike 0-2: Ball 1-2: Foul Ball, location: 2F 1-2: Strikes out swinging
|
|
Batting: SHB Alex Cavazos
|
0-0: Called Strike 0-1: Ground out 1-3 (Groundball, 13, EV 72.5 MPH)
|
| Bottom of the 3rd over - 0 runs, 0 hits, 0 errors, 0 left on base; Baltimore (APP) 1 - Burlington 1 |
| TOP OF THE 4TH |
|
Baltimore (APP) Orioles batting - Pitching for Burlington Royals : RHP Itsuki Eguchi
|
|
Batting: LHB Robert Ortiz
|
0-0: Ball 1-0: SOLO HOME RUN (Flyball, 8RXD, EV 116.2 MPH), Distance : 449 ft
|
|
Batting: LHB Edwin Cabral
|
0-0: Ground out 4-3 (Groundball, 4, EV 85.6 MPH)
|
|
Batting: LHB Ivan Alvarez
|
0-0: Foul Ball, location: 2F 0-1: Ball 1-1: Swinging Strike 1-2: Foul Ball, location: 2F 1-2: Ball 2-2: Ball 3-2: Strikes out looking
|
|
Batting: RHB Imbart van Rens
|
0-0: Called Strike 0-1: Ball 1-1: Swinging Strike 1-2: Foul Ball, location: 2F 1-2: Strikes out looking
|
| Top of the 4th over - 1 run, 1 hit, 0 errors, 0 left on base; Baltimore (APP) 2 - Burlington 1 |
| BOTTOM OF THE 4TH |
|
Burlington Royals batting - Pitching for Baltimore (APP) Orioles : RHP Craig Painter
|
|
Batting: RHB Hugo Chavez
|
0-0: Called Strike 0-1: Ball 1-1: Ball 2-1: Ball 3-1: Base on Balls
|
|
Batting: RHB Masakuni Takeuchi
|
0-0: Ball 1-0: Swinging Strike 1-1: Called Strike 1-2: Strikes out swinging
|
|
Batting: RHB Jason Conner
|
0-0: Called Strike 0-1: Ball 1-1: Called Strike 1-2: Ball 2-2: Foul Ball, location: 2F 2-2: Strikes out swinging
|
|
Batting: RHB David Rubio
|
0-0: Called Strike 0-1: Called Strike 0-2: Foul Ball, location: 2F 0-2: Strikes out swinging
|
| Bottom of the 4th over - 0 runs, 0 hits, 0 errors, 1 left on base; Baltimore (APP) 2 - Burlington 1 |
| TOP OF THE 5TH |
|
Baltimore (APP) Orioles batting - Pitching for Burlington Royals : RHP Itsuki Eguchi
|
|
Batting: SHB Eric Kelley
|
0-0: Ball 1-0: Called Strike 1-1: Called Strike 1-2: Foul Ball, location: 2F 1-2: Ball 2-2: Ground out 4-3 (Groundball, 4, EV 85.6 MPH)
|
|
Batting: RHB C.J. Wells
|
0-0: Foul Ball, location: 2F 0-1: Fly out, F7 (Flyball, 78S, EV 91.2 MPH)
|
|
Batting: LHB Xue-liang Zhou
|
0-0: Ball 1-0: Hit by Pitch
|
|
Batting: RHB Minoru Matsumoto
|
0-0: Foul Ball, location: 2F 0-1: 2-RUN HOME RUN (Flyball, 7LD, EV 96.9 MPH), Distance : 367 ft
|
|
Pitching: RHP Chance Griffin
|
|
|
Batting: RHB Dou-wan Pan
|
0-0: Ball 1-0: Ball 2-0: Ball 3-0: Base on Balls
|
|
Batting: LHB Robert Ortiz
|
0-0: Foul Ball, location: 2F 0-1: Called Strike 0-2: Ball 1-2: DOUBLE (Groundball, 3L, EV 99.4 MPH) Dou-wan Pan to third Runner from 3rd tries for Home, SAFE, throw by RF to trailing runner, OUT at third! 9-3-5
|
| Top of the 5th over - 3 runs, 2 hits, 0 errors, 0 left on base; Baltimore (APP) 5 - Burlington 1 |
| BOTTOM OF THE 5TH |
|
Burlington Royals batting - Pitching for Baltimore (APP) Orioles : RHP Craig Painter
|
|
Batting: RHB Juan Nieves
|
0-0: Ball 1-0: Ball 2-0: DOUBLE (Groundball, 5L, EV 105.0 MPH)
|
|
Batting: LHB Jayden Pelayo
|
0-0: Ball 1-0: Called Strike 1-1: Foul Ball, location: 2F 1-2: Strikes out looking
|
|
Batting: RHB Shura Mogilny
|
0-0: Called Strike 0-1: Foul Ball, location: 2F 0-2: Foul Ball, location: 2F 0-2: Ball 1-2: Ball 2-2: Strikes out swinging
|
|
Batting: RHB Tim Williams
|
0-0: Called Strike 0-1: Foul Ball, location: 2F 0-2: Ball 1-2: Ball 2-2: Foul Ball, location: 2F 2-2: Ball 3-2: DOUBLE (Groundball, 5L, EV 100.0 MPH) Juan Nieves scores
|
|
Batting: SHB Alex Cavazos
|
0-0: Ball 1-0: Fly out, F8 (Flyball, 8RD, EV 91.9 MPH)
|
| Bottom of the 5th over - 1 run, 2 hits, 0 errors, 1 left on base; Baltimore (APP) 5 - Burlington 2 |
| TOP OF THE 6TH |
|
Baltimore (APP) Orioles batting - Pitching for Burlington Royals : RHP Chance Griffin
|
|
Batting: LHB Edwin Cabral
|
0-0: Foul Ball, location: 2F 0-1: Ball 1-1: Foul Ball, location: 2F 1-2: Ground out 5-3 (Groundball, 56, EV 96.9 MPH)
|
|
Batting: LHB Ivan Alvarez
|
0-0: Fly out, F4 (Popup, 34D, EV 59.4 MPH)
|
|
Batting: RHB Imbart van Rens
|
0-0: Foul Ball, location: 2F 0-1: Ball 1-1: Swinging Strike 1-2: Foul Ball, location: 2F 1-2: Ground out 4-3 (Groundball, 4, EV 86.9 MPH)
|
| Top of the 6th over - 0 runs, 0 hits, 0 errors, 0 left on base; Baltimore (APP) 5 - Burlington 2 |
| BOTTOM OF THE 6TH |
|
Burlington Royals batting - Pitching for Baltimore (APP) Orioles : RHP Craig Painter
|
|
Batting: RHB Hugo Chavez
|
0-0: Ground out 5-3 (Groundball, 56, EV 86.2 MPH)
|
|
Batting: RHB Masakuni Takeuchi
|
0-0: Fly out, F7 (Flyball, 7D, EV 105.0 MPH)
|
|
Batting: RHB Jason Conner
|
0-0: Swinging Strike 0-1: Ball 1-1: Foul Ball, location: 2F 1-2: Ball 2-2: Ground out 5-3 (Groundball, 5, EV 82.5 MPH)
|
| Bottom of the 6th over - 0 runs, 0 hits, 0 errors, 0 left on base; Baltimore (APP) 5 - Burlington 2 |
| TOP OF THE 7TH |
|
Baltimore (APP) Orioles batting - Pitching for Burlington Royals : RHP Chance Griffin
|
|
Batting: SHB Eric Kelley
|
0-0: Ball 1-0: Ball 2-0: Foul Ball, location: 2F 2-1: Ball 3-1: Foul Ball, location: 2F 3-2: Foul Ball, location: 2F 3-2: Base on Balls
|
|
Batting: RHB C.J. Wells
|
0-0: Fly out, F3 (Popup, 3S, EV 72.5 MPH)
|
|
Batting: LHB Xue-liang Zhou
|
0-0: Ball 1-0: Fly out, F8 (Flyball, 8RD, EV 82.5 MPH)
|
|
Batting: RHB Minoru Matsumoto
|
0-0: Ball Eric Kelley steals 2nd, throwing error, E2 Eric Kelley to third 1-0: Foul Ball, location: 2F 1-1: Ground out 6-3 (Groundball, 6, EV 86.9 MPH)
|
| Top of the 7th over - 0 runs, 0 hits, 1 error, 1 left on base; Baltimore (APP) 5 - Burlington 2 |
| BOTTOM OF THE 7TH |
|
Burlington Royals batting - Pitching for Baltimore (APP) Orioles : RHP Craig Painter
|
|
Pitching: RHP Dave Patenaude
|
|
|
Batting: RHB David Rubio
|
0-0: Ball 1-0: Ball 2-0: Ball 3-0: Called Strike 3-1: Foul Ball, location: 2F 3-2: Strikes out swinging
|
|
Batting: RHB Juan Nieves
|
0-0: Fly out, F7 (Flyball, 78M, EV 85.0 MPH)
|
|
Batting: LHB Jayden Pelayo
|
0-0: SINGLE (Groundball, 4MD, EV 104.4 MPH)
|
|
Batting: RHB Shura Mogilny
|
0-0: Ball 1-0: Called Strike 1-1: Ball 2-1: Foul Ball, location: 2F 2-2: Fly out, F9 (Flyball, 9S, EV 91.2 MPH)
|
| Bottom of the 7th over - 0 runs, 1 hit, 0 errors, 1 left on base; Baltimore (APP) 5 - Burlington 2 |
| TOP OF THE 8TH |
|
Baltimore (APP) Orioles batting - Pitching for Burlington Royals : RHP Chance Griffin
|
|
Batting: RHB Dou-wan Pan
|
0-0: Ground out 6-3 (Groundball, 6, EV 83.8 MPH)
|
|
Batting: LHB Robert Ortiz
|
0-0: Foul Ball, location: 2F 0-1: Swinging Strike 0-2: Strikes out swinging
|
|
Batting: LHB Edwin Cabral
|
0-0: Ball 1-0: Ball 2-0: Called Strike 2-1: Swinging Strike 2-2: Foul Ball, location: 2F 2-2: Ball 3-2: Foul Ball, location: 2F 3-2: Foul Ball, location: 2F 3-2: Foul Ball, location: 2F 3-2: Base on Balls
|
|
Pitching: RHP Obiniana Gaters
|
|
|
Batting: LHB Ivan Alvarez
|
0-0: Ball 1-0: Foul Ball, location: 2F 1-1: SINGLE (Line Drive, 6M, EV 100.6 MPH) Edwin Cabral to second
|
|
Batting: RHB Imbart van Rens
|
0-0: Ball 1-0: Foul Ball, location: 2F 1-1: Ball 2-1: Called Strike 2-2: Ball 3-2: Strikes out looking
|
| Top of the 8th over - 0 runs, 1 hit, 0 errors, 2 left on base; Baltimore (APP) 5 - Burlington 2 |
| BOTTOM OF THE 8TH |
|
Burlington Royals batting - Pitching for Baltimore (APP) Orioles : RHP Dave Patenaude
|
|
Batting: RHB Tim Williams
|
0-0: Ball 1-0: Ball 2-0: Ground out 5-3 (Groundball, 56, EV 89.4 MPH)
|
|
Batting: SHB Alex Cavazos
|
0-0: Ball 1-0: Ball 2-0: Called Strike 2-1: Called Strike 2-2: Ball 3-2: Base on Balls
|
|
Batting: RHB Hugo Chavez
|
0-0: Ball 1-0: Ball 2-0: Swinging Strike 2-1: Ball 3-1: Foul Ball, location: 2F 3-2: Strikes out swinging
|
|
Batting: RHB Masakuni Takeuchi
|
0-0: Ball 1-0: Ball 2-0: Ball 3-0: Base on Balls Alex Cavazos to second
|
|
Batting: RHB Jason Conner
|
0-0: Fielders Choice at 2nd, 6-4 (Groundball, 6, EV 83.8 MPH)
|
| Bottom of the 8th over - 0 runs, 0 hits, 0 errors, 2 left on base; Baltimore (APP) 5 - Burlington 2 |
| TOP OF THE 9TH |
|
Baltimore (APP) Orioles batting - Pitching for Burlington Royals : RHP Obiniana Gaters
|
|
Batting: SHB Eric Kelley
|
0-0: Ball 1-0: Swinging Strike 1-1: Ball 2-1: Ball 3-1: Base on Balls
|
|
Batting: RHB C.J. Wells
|
0-0: Called Strike 0-1: Ball Eric Kelley steals 2nd, throwing error, E2 Eric Kelley to third 1-1: Ball 2-1: Ball 3-1: Foul Ball, location: 2F 3-2: Foul Ball, location: 2F 3-2: 2-RUN HOME RUN (Flyball, 7LD, EV 88.1 MPH), Distance : 331 ft
|
|
Batting: LHB Xue-liang Zhou
|
0-0: Ball 1-0: Ball 2-0: Ball 3-0: Base on Balls
|
|
Batting: RHB Minoru Matsumoto
|
0-0: Called Strike 0-1: Swinging Strike 0-2: Foul Ball, location: 2F 0-2: Ball Wild Pitch! Xue-liang Zhou to second 1-2: Strikes out swinging
|
|
Batting: RHB Dou-wan Pan
|
0-0: Foul Ball, location: 2F 0-1: Fly out, F9 (Flyball, 9S, EV 93.1 MPH)
|
|
Batting: LHB Robert Ortiz
|
0-0: Called Strike 0-1: Ground out U3 (Groundball, 3, EV 93.1 MPH)
|
| Top of the 9th over - 2 runs, 1 hit, 1 error, 1 left on base; Baltimore (APP) 7 - Burlington 2 |
| BOTTOM OF THE 9TH |
|
Burlington Royals batting - Pitching for Baltimore (APP) Orioles : RHP Dave Patenaude
|
|
Batting: RHB David Rubio
|
0-0: Called Strike 0-1: Ball 1-1: Swinging Strike 1-2: Foul Ball, location: 2F 1-2: Foul Ball, location: 2F 1-2: Ball 2-2: Strikes out looking
|
|
Batting: RHB Juan Nieves
|
0-0: Ball 1-0: Ball 2-0: Ball 3-0: Base on Balls
|
|
Pitching: RHP Joe Sloboda
|
|
|
Batting: LHB Jayden Pelayo
|
0-0: Called Strike 0-1: Ball 1-1: Ball 2-1: SINGLE (Line Drive, 7S, EV 90.0 MPH) Juan Nieves to second
|
|
Batting: RHB Shura Mogilny
|
0-0: Called Strike 0-1: Called Strike 0-2: Strikes out swinging
|
|
Batting: RHB Tim Williams
|
0-0: Ball 1-0: 3-RUN HOME RUN (Flyball, 78XD, EV 98.8 MPH), Distance : 419 ft
|
|
Pitching: RHP Rod Najera
|
|
|
Batting: SHB Alex Cavazos
|
0-0: Ball 1-0: Ground out 5-3 (Groundball, 56, EV 82.5 MPH)
|
| Bottom of the 9th over - 3 runs, 2 hits, 0 errors, 0 left on base; Baltimore (APP) 7 - Burlington 5 |
|